 Dungeon Crawl Stone Soup version 0.31.0-32-g396128a36d (webtiles) character file.

Game seed: 9082194746285146745

9713 Dvallin the Grappler (level 11, -3/86 HPs)
             Began as a Grey Draconian Shapeshifter on Apr 1, 2024.
             Was a Priest of Ru.
             Slain by a red devil
             ... wielding a +0 demon trident of electrocution
              (19 damage)
             ... on level 10 of the Dungeon.
             The game lasted 00:18:26 (9160 turns).

Dvallin the Grappler (Grey Draconian Shapeshifter)  Turns: 9160, Time: 00:18:30

Health: -3/86      AC: 18    Str: 26    XL:     11   Next: 26%
Magic:  8/9        EV: 14    Int: 12    God:    Ru [***...]
Gold:   699        SH:  0    Dex: 14    Spells: 10/10 levels left

rFire   + .          .
                       - Unarmed
rCold   . . .        (no shield)
rNeg    . . .        (body armour unavailable)
rPois   .            C - +0 hat of Gibigh {Str+6}
rElec   .            (no cloak)
rCorr   .            k - +0 pair of gloves of Heresy {Will+ Str+2 Int+2}
SInv    .            h - +0 pair of boots
Will    +++..        (no amulet)
Stlth   +            E - ring of protection from fire
HPRegen 0.34/turn    g - ring of Zadarira {Will++ AC+4}
MPRegen 0.11/turn

%: no passive effects
@: maw-form, spiked
A: devouring maw, reduced hp, AC +12, amphibious, unfitting armour, low MP 1,
cold-blooded, inability to read after injury 2, unskilled 1, teleportitis 1
a: Begin Untransformation, Renounce Religion, Draw Out Power


You were on level 10 of the Dungeon.
You worshipped Ru.
Ru was most pleased with you.
You were a creature with a mouth for a stomach.
You visited 2 branches of the dungeon, and saw 11 of its levels.
You also visited: Ossuary and Bailey.

You collected 699 gold pieces.

Inventory:

Hand Weapons
 l - a +0 arbalest
Armour
 h - a +0 pair of boots (worn)
 k - the +0 pair of gloves of Heresy (worn) {Will+ Str+2 Int+2}
   (You acquired it on level 7 of the Dungeon)

   Str+2:     It affects your strength (+2).
   Int+2:     It affects your intelligence (+2).
   Will+:     It increases your willpower.
 u - an orb of guile
 C - the +0 hat of Gibigh (worn) {Str+6}
   (You acquired it on level 8 of the Dungeon)

   Str+6:     It affects your strength (+6).
Jewellery
 g - the ring of Zadarira (right hand) {Will++ AC+4}
   (You found it in a bailey)

   [ring of protection]

   AC+4:      It affects your AC (+4).
   Will++:    It greatly increases your willpower.
 p - a ring of see invisible
 E - a ring of protection from fire (left hand)
Talismans
 b - a beast talisman
 c - a flux talisman
 f - a maw talisman (active)
Wands
 x - a wand of light (3)
 A - a wand of flame (8)
 G - a wand of roots (9)
 J - a wand of polymorph (2)
Scrolls
 d - a scroll of poison {unknown}
 n - a scroll of summoning
 r - a scroll of enchant armour
 t - 2 scrolls of fog
 y - a scroll of blinking
 H - 4 scrolls of identify
 I - a scroll of brand weapon {unknown}
Potions
 a - 2 potions of lignification
 i - 3 potions of might
 j - 5 potions of curing
 m - a potion of resistance
 o - 2 potions of attraction
 q - 2 potions of brilliance
 s - a potion of ambrosia
 w - a potion of invisibility
 z - a potion of degeneration
 B - 2 potions of mutation
 D - a potion of cancellation
 F - a potion of magic
Miscellaneous
 v - a lightning rod (4/4)


   Skills:
 + Level 5.9 Fighting
 + Level 5.0 Dodging
 * Level 10.8 Unarmed Combat
 + Level 9.7 Shapeshifting


You had 10 spell levels left.
You didn't know any spells.
Your spell library contained the following spells:

 Spells                   Type           Power      Damage    Failure   Level
 Kiss of Death            Conj/Necr      0%         2d5       32%         1
 Slow                     Hex            0%         N/A       32%         1
 Confusing Touch          Hex            0%         N/A       69%         3
 Sigil of Binding         Hex            0%         N/A       69%         3
 Vampiric Draining        Necr           0%         2d6       69%         3
 Dispel Undead            Necr           0%         3d6       97%         4
 Summon Lightning Spire   Summ/Air       0%         N/A       97%         4
 Vhi's Electric Charge    Tloc/Air       0%         N/A       97%         4
 Arcjolt                  Conj/Air       0%         1d10      100%        5
 Lee's Rapid Deconstruct  Erth           0%         3d4*      100%        5
 Summon Forest            Summ/Tloc      0%         N/A       100%        5
 Summon Mana Viper        Hex/Summ       0%         N/A       100%        5
 Summon Cactus Giant      Summ           0%         N/A       100%        6
 Maxwell's Capacitive Co  Air            0%         ∞         100%        8
 Animate Armour           Summ/Erth      Unusable   N/A       N/A         4

Dungeon Overview and Level Annotations

Branches:
Dungeon (10/15)            Temple (1/1) D:4         Ossuary (visited)
 Bailey (visited)
   Lair: D:8-11         Orc: D:9-12

Altars:
Ashenzari
Cheibriados
Dithmenos
Elyvilon
Fedhas
Gozag
Hepliaklqana
Kikubaaqudgha
Makhleb
Nemelex Xobeh
Okawaru
Qazlal
Ru
Sif Muna
Trog
Uskayaw
Vehumet
Wu Jian
Xom
Yredelemnul
The Shining One

Shops:
D:3 !   D:8 (

Annotations:
D:4 1 runed translucent door, Crazy Yiuf


Innate Abilities, Weirdness & Mutations

You are a creature with a mouth for a stomach.
Your midsection houses a second, enormous mouth.
Your maximum health is decreased, since you lack skill for your form.
Your dull iron-grey scales are very hard. (AC +12)
You are amphibious.
You cannot fit into any form of body armour.
Your magical capacity is low. (-10% MP)
You are cold-blooded and may be slowed by cold attacks.
You sometimes lose the ability to read scrolls when taking damage.
You are somewhat unskilled. (-1 Apt)
You are occasionally teleported next to monsters.


Message History

The ice devil is severely wounded.
The wyvern bites you but does no damage.
The ice devil hits you but does no damage.
The red devil closely misses you.
The ice devil hits you but does no damage.
You punch the ice devil!
You kill the ice devil!
The wyvern barely misses you.
The red devil hits you from afar with a +0 demon trident of electrocution!
Barbed spikes become lodged in your body.
The ice devil hits you but does no damage.
The wyvern bites you but does no damage.
You hit the ice devil. Your bite misses the ice devil.
The ice devil is lightly wounded.
The wyvern bites you. The yak gores you.
The red devil hits you from afar with a +0 demon trident of electrocution!
* * * LOW HITPOINT WARNING * * *
Barbed spikes become lodged in your body.
The chaos spawn ululates chillingly with its many mouths.
The ice devil hits you but does no damage.
Okay, then.
As you read the scroll of summoning, it crumbles to dust.
Wisps of shadow whirl around you... The wyvern barely misses you.
The neqoxec gestures at you. Something gnaws on your mind!
* * * LOW HITPOINT WARNING * * *
You feel your power leaking away.
The yak is stunned by your conviction and fails to attack.
The red devil hits you from afar with a +0 demon trident of electrocution.
* * * LOW HITPOINT WARNING * * *
Barbed spikes become lodged in your body.
The ice devil hits you but does no damage.
Okay, then.
It was a potion of heal wounds.
You feel much better. The wyvern bites you!
* * * LOW HITPOINT WARNING * * *
The wyvern bites you.
* * * LOW HITPOINT WARNING * * *
The red devil hits you but does no damage.
You are electrocuted!!
You die...

#.. ##.......... #.
#.......... #
###........
#########....##
###......####...#
##..........###..#
##..K.####....##...
#KKc### ###...##..
#KW## ##..##..
#.4Yk3Y$... #......
#KK4K4..... ##.....
#####...88. #####.
...88. . ...... .
..... . #(..( . .


You could see an ice devil (ally target), 2 yaks, a neqoxec, a red devil, a
chaos spawn, a wyvern, a friendly kobold brigand (summoned), a friendly centaur
(summoned) and 6 friendly kobolds.

Vanquished Creatures
  Pikel (D:7)
  An orc knight (Bailey)
  Maurice (D:9)
  Joseph (D:7)
  Jeremiah (D:9)
  An ice devil (D:10)
  A troll (D:9)
  Sigmund (D:4)
  A wraith (D:8)
  2 wyverns
  8 yaks
  A neqoxec (D:10)
  Menkaure (D:5)
  An acid dragon (D:8)
  Duvessa (D:6)
  A water moccasin (D:9)
  2 ice beasts
  15 orc warriors
  3 black bears
  2 ogres
  3 centaurs
  A lemure (D:7)
  A kobold brigand (D:8)
  3 scorpions
  5 bullfrogs
  A gnoll sergeant (D:8)
  5 water moccasin zombies (Ossuary)
  A burial acolyte (Ossuary)
  9 wights
  Dowan (D:6)
  A howler monkey (D:6)
  5 crimson imps (D:8)
  2 bombardier beetles
  2 hounds (D:5)
  3 jellies
  4 orc priests
  3 gnoll boudas
  5 iguanas
  5 orc wizards
  A crocodile zombie (Ossuary)
  A bullfrog simulacrum (Ossuary)
  2 mummies (Ossuary)
  18 gnolls
  11 adders
  2 shadow imps
  4 white imps
  3 adder zombies (Ossuary)
  2 ribbon worms
  2 dart slugs (D:5)
  50 orcs
  3 bats
  5 endoplasms
  3 giant cockroaches
  10 gnoll zombies (Ossuary)
  5 hobgoblins
  11 jackals (D:4)
  A quokka (D:2)
  7 ball pythons
  4 frilled lizards
  25 goblins
  4 jackal zombies (Ossuary)
  9 kobolds
  3 orc zombies (Ossuary)
  7 rats
  2 rat zombies (D:4)
301 creatures vanquished.

Vanquished Creatures (others)
  An arcanist (D:5)
  A gnoll (D:9)
2 creatures vanquished.

Grand Total: 303 creatures vanquished

Notes
Turn   | Place    | Note
-------+----------+-------------------------------------------
     0 | D:1      | Dvallin the Draconian Shapeshifter began the quest for the
                  | Orb.
     0 | D:1      | Reached XP level 1. HP: 16/16 MP: 1/1
   214 | D:1      | Reached XP level 2. HP: 21/23 MP: 2/2
   785 | D:2      | Reached XP level 3. HP: 21/28 MP: 3/3
   927 | D:2      | Found a faded altar of an unknown god.
  1768 | D:3      | Reached XP level 4. HP: 23/35 MP: 4/4
  1809 | D:3      | Found Ulevaaku's Distillery.
  2035 | D:4      | Reached skill level 5 in Shapeshifting
  2272 | D:4      | Reached XP level 5. HP: 31/40 MP: 5/5
  2288 | D:4      | Found a staircase to the Ecumenical Temple.
  2296 | Temple   | Entered the Ecumenical Temple
  2310 | Temple   | Became a worshipper of Ru the Awakened
  2343 | D:4      | Found a sand-covered staircase.
  2363 | Ossuary  | Entered an ossuary
  2431 | Ossuary  | Reached XP level 6. HP: 42/47 MP: 6/6
  2533 | Ossuary  | Reached skill level 4 in Unarmed Combat
  2533 | Ossuary  | Your scales start taking on a dull iron-grey colour.
  2533 | Ossuary  | Reached XP level 7. HP: 49/52 MP: 7/7
  2807 | D:4      | Noticed Sigmund
  2817 | D:4      | Killed Sigmund
  2818 | D:4      | Reached skill level 5 in Unarmed Combat
  2907 | D:4      | Reached skill level 6 in Unarmed Combat
  2933 | D:4      | Noticed a yak
  3057 | D:4      | Reached skill level 7 in Unarmed Combat
  3057 | D:4      | Reached XP level 8. HP: 52/59 MP: 8/8
  3342 | D:4      | Found a runed translucent door.
  3343 | D:4      | Noticed Crazy Yiuf
  3380 | D:5      | Entered Level 5 of the Dungeon
  3434 | D:5      | Gained mutation: Your magical capacity is low. (-10% MP)
                  | [Ru sacrifice]
  3486 | D:5      | Reached skill level 8 in Unarmed Combat
  3557 | D:5      | Found a bloodstained altar of Trog.
  3721 | D:5      | Reached skill level 9 in Unarmed Combat
  3812 | D:5      | Noticed a wizard
  3817 | D:5      | Killed a wizard
  3925 | D:5      | Found a broken altar of Ashenzari.
  4484 | D:6      | Reached XP level 9. HP: 67/67 MP: 8/8
  4500 | D:6      | Noticed Menkaure
  4539 | D:5      | Killed Menkaure
  4802 | D:6      | Noticed Dowan
  4804 | D:6      | Noticed Duvessa
  4820 | D:6      | Killed Dowan
  4827 | D:6      | Killed Duvessa
  5232 | D:7      | Noticed Joseph
  5251 | D:7      | Reached skill level 10 in Unarmed Combat
  5271 | D:7      | Killed Joseph
  5435 | D:7      | Found a shimmering blue altar of Sif Muna.
  5435 | D:7      | Found an ancient bone altar of Kikubaaqudgha.
  5456 | D:7      | Found an opulent altar of Gozag.
  5497 | D:7      | Found a flagged portal.
  5518 | D:7      | Gained mutation: You occasionally lose the ability to read
                  | scrolls when taking damage. [Ru sacrifice]
  5518 | D:7      | Gained mutation: You sometimes lose the ability to read
                  | scrolls when taking damage. [Ru sacrifice]
  5518 | D:7      | Reached * piety under Ru
  5518 | D:7      | Reached ** piety under Ru
  5531 | Bailey   | Entered a bailey
  5810 | Bailey   | Reached XP level 10. HP: 72/80 MP: 9/9
  6067 | Bailey   | Noticed an orc knight
  6127 | Bailey   | Killed an orc knight
  6346 | Bailey   | Identified the ring of Zadarira {Will++ AC+4}
  6394 | D:7      | Acquired the +0 pair of gloves of Heresy {Will+ Str+2
                  | Int+2}
  6597 | D:7      | Reached skill level 10 in Shapeshifting
  6808 | D:7      | Noticed Pikel
  6818 | D:7      | Killed Pikel
  6819 | D:7      | Reached skill level 5 in Fighting
  7372 | D:8      | Found a glowing golden altar of the Shining One.
  7671 | D:8      | Found a radiant altar of Vehumet.
  7692 | D:8      | Acquired the +0 hat of Gibigh {Str+6}
  7706 | D:8      | Gained mutation: You are somewhat unskilled. (-1 Apt) [Ru
                  | sacrifice]
  7706 | D:8      | Reached *** piety under Ru
  7808 | D:8      | Found Koubufu's Weapon Shoppe.
  7954 | D:8      | Found a hazy altar of Hepliaklqana.
  8304 | D:9      | Noticed Jeremiah
  8584 | D:9      | Noticed Maurice
  8593 | D:9      | Reached XP level 11. HP: 69/88 MP: 9/9
  8611 | D:9      | Killed Maurice
  8644 | D:9      | Killed Jeremiah
  9086 | D:10     | Entered Level 10 of the Dungeon
  9142 | D:10     | Gained mutation: You are occasionally teleported next to
                  | monsters. [a neqoxec]
  9144 | D:10     | Reached skill level 5 in Dodging
  9160 | D:10     | Slain by a red devil

Illustrated notes

Levels and vault maps discovered:
D:1:      dpeg_arrival_windows_large_door, layout_basic,
          hangedman_decor_growths, hangedman_abyss_or_decor_lesser_grid,
          minmay_crystal_room
D:2:      kennysheep_the_goblin_king, layout_loops_cross,
          hellmonk_ecumenical_altar_pennies_from_heaven, minmay_splitting_lines,
          kennysheep_flooded_box, serial_bayou_crossing
D:3:      layout_loops_corners, serial_shops, shop, nrook_mini_vaults,
          kennysheep_nub, hangedman_feature_mirror
D:4:      minmay_clustersquares, layout_basic,
          minmay_temple_entry_statues_fountains, enter_ossuary_4, uniq_sigmund,
          uniq_crazy_yiuf_cottage
D:5:      layout_basic, amcnicky_altar_gilded, trog_wizard
D:6:      layout_cave_pools, eino_tiny_chamber, minmay_crystal_water,
          uniq_duvessa, uniq_menkaure
D:7:      layout_basic, lemuel_coloured_pillars_altar,
          grunt_temple_overflow_open, enter_bailey_3, uniq_pikel, uniq_joseph
D:8:      layout_basic, vehumet_crystals, nicolae_hepliaklqana_hippocampus,
          tso_metal_star, serial_shops, nicolae_shop_rolling_square,
          chequers_avenue, minmay_misc_feat_four_crosses, minmay_fire_ice_demons
D:9:      layout_loops_ring, uniq_harold, uniq_jeremiah, uniq_maurice
D:10:     layout_basic, zin_scriptorium, dpeg_oklobed_lair,
          nicolae_inconvenience_store, nicolae_neqoxec_dot_bat
Temple:   nicolae_temple_figure_eight

Skill      XL: |  1  2  3  4  5  6  7  8  9 10 11 |
---------------+----------------------------------+-----
Shapeshifting  | 4 5 6 7 8 9 |  9.7
Unarmed Combat | 4 7 9 10 | 10.8
Dodging        | 2 4 5 |  5.0
Fighting       | 2 4 5 |  5.9

Action                     |  1- 3 |  4- 6 |  7- 9 | 10-12 || total
---------------------------+-------+-------+-------+-------++-------
  Melee: Unarmed           |    93 |   209 |   427 |   333 ||  1062
         Tailslap          |    11 |    36 |    89 |    61 ||   197
         Punch             |     2 |       |       |    14 ||    16
         Maw               |       |       |       |    70 ||    70
 Invoke: Sacrifice Essence |       |       |     1 |       ||     1
         Sacrifice Words   |       |       |     1 |       ||     1
         Sacrifice Skill   |       |       |       |     1 ||     1
Ability: Begin Untransform |     1 |       |       |       ||     1
    Use: Scroll            |       |       |    20 |     3 ||    23
         Potion            |       |       |       |     3 ||     3
   Stab: Sleeping          |     3 |       |       |     1 ||     4
         Invisible         |       |       |       |     2 ||     2
 Armour: Skin              |    49 |    72 |   178 |   201 ||   500
  Dodge: Dodged            |    49 |   132 |   321 |   205 ||   707
   Form: Flux              |       |     1 |       |       ||     1
         Maw               |       |       |       |     1 ||     1
